 Dungeon Crawl Stone Soup version 0.19.1-1-g22dce08 (webtiles) character file.

52843 M4edhros the Severer (level 14, -7/130 HPs)
             Began as a Minotaur Berserker on Jan 5, 2017.
             Was a High Priest of Trog.
             Mangled by a red devil
             ... wielding a +1 demon trident of electrocution
              (17 damage)
             ... on level 6 of the Lair of Beasts.
             The game lasted 00:14:08 (10900 turns).

M4edhros the Severer (Minotaur Berserker)          Turns: 10900, Time: 00:14:08

Health: -7/130     AC: 30    Str: 21    XL:     14   Next: 28%
Magic:  13/13      EV: 16    Int:  4    God:    Trog [*****.]
Gold:   738        SH:  0    Dex: 20    Spells: 0 memorised, 13 levels left

rFire  . . .     SeeInvis +     V - +6 battleaxe (vamp)
rCold  . . .     Gourm    .     B - +11 chain mail of Guofeih {SInv}
rNeg   . . .     Faith    .     (shield currently unavailable)
rPois  .         Spirit   .     W - +2 hat
rElec  .         Reflect  .     q - +0 cloak
rCorr  .         Harm     .     (no gloves)
MR     +....                    (no boots)
Stlth  ..........               H - amulet of regeneration
                                D - +3 ring of protection
                                y - +4 ring of dexterity

@: lethally poisoned (-7 -> -66), exhausted, slowed, studying Evocations, very
slow
A: retaliatory headbutt, horns 2
a: Berserk, Trog's Hand, Brothers in Arms, Burn Spellbooks, Renounce Religion


You were on level 6 of the Lair of Beasts.
You worshipped Trog.
Trog was extremely pleased with you.
You were very hungry.

You visited 3 branches of the dungeon, and saw 18 of its levels.
You visited 1 bazaar.
You also visited: Ossuary.

You collected 1075 gold pieces.
You spent 337 gold pieces at shops.

Inventory:

Hand Weapons
 C - the +10 whip of Chaos {freeze, Str-3 Int+7 Dex+7}
   (You found it on level 9 of the Dungeon)

   It has been specially enchanted to freeze those struck by it, causing extra
   injury to most foes and up to half again as much damage against particularly
   susceptible opponents.
   It can also slow down cold-blooded creatures.
   It affects your strength (-3).
   It affects your intelligence (+7).
   It affects your dexterity (+7).
 M - a +1 antimagic broad axe
 R - a +6 war axe of freezing
 V - a +6 vampiric battleaxe (weapon)
Armour
 a - the +0 chain mail of the Duchess {rN+++ MR+ rCorr Int-5}
   (You bought it in a shop in a bazaar)

   It affects your intelligence (-5).
   It renders you almost immune to negative energy.
   It affects your resistance to hostile enchantments.
   It protects you from acid and corrosion.
 q - a +0 cloak (worn)
 B - the +11 chain mail of Guofeih (worn) {SInv}
   (You found it on level 7 of the Dungeon)

   It lets you see invisible.
 W - a +2 hat (worn)
Jewellery
 p - an uncursed amulet of the gourmand {unknown}
 y - a +4 ring of dexterity (left hand)
 D - a +3 ring of protection (right hand)
 H - an amulet of regeneration (around neck)
 T - an uncursed amulet of faith {unknown}
Wands
 h - a wand of lightning (7/15)
 i - a wand of random effects (8/48)
 j - a wand of flame (29/48)
 E - a wand of random effects (12/48)
 G - a wand of iceblast (2/15)
 I - a wand of acid (0/15)
 P - a wand of confusion (10/48)
 U - a wand of paralysis (13/24)
 Z - a wand of random effects (21/48)
Scrolls
 e - 2 scrolls of immolation
 g - 11 scrolls of remove curse
 k - 8 scrolls of teleportation
 o - 3 scrolls of recharging {unknown}
 r - a scroll of summoning {unknown}
 t - 2 scrolls of blinking {unknown}
 F - 2 scrolls of noise {unknown}
 K - a scroll of silence {unknown}
 Q - 2 scrolls of enchant armour {unknown}
 X - 4 scrolls of identify
Potions
 f - 9 potions of curing
 l - 6 potions of lignification
 m - a potion of invisibility {unknown}
 n - 2 potions of cancellation {unknown}
 s - a potion of resistance {unknown}
 u - 4 potions of agility
 v - 2 potions of heal wounds
 w - 4 potions of degeneration
 x - a potion of flight {unknown}
 z - 2 potions of might {unknown}
 A - a potion of cure mutation {unknown}
 J - a potion of berserk rage {unknown}
Books
 b - a book of Minor Magic

   Spells                             Type                      Level
   a - Magic Dart                     Conjuration                  1
   b - Blink                          Translocation                2
   c - Call Imp                       Summoning                    2
   d - Repel Missiles                 Charms/Air                   2
   e - Slow                           Hexes                        2
   f - Conjure Flame                  Conjuration/Fire             3
   g - Mephitic Cloud                 Conjuration/Poison/Air       3
   Trog disapproves of the use of such an item.
 O - a manual of Evocations
Comestibles
 c - 11 bread rations
 d - 9 fruits
 L - 3 meat rations
 N - 10 royal jellies
 S - 3 slices of pizza
 Y - 2 beef jerkies


   Skills:
 + Level 13.7 Fighting
 * Level 18.2 Axes
 + Level 13.3 Armour
 + Level 12.3 Dodging


You had 13 spell levels left.
You didn't know any spells.

Dungeon Overview and Level Annotations

Branches:
Dungeon (11/15)            Temple (0/1) D:6            Lair (6/6) D:11
  Snake (1/4) Lair:3        Slime (0/5) Lair:6
  Swamp: Lair:2-4    Shoals: Lair:2-4       Orc: D:9-12

Altars:
Hepliaklqana
Makhleb
Okawaru
Uskayaw
Xom
Yredelemnul
Zin
Jiyva

Shops:
D:4 (   D:7 :   D:8 (   D:10 *

Annotations:
Lair:3 exclusion: oklob plant


Innate Abilities, Weirdness & Mutations

You reflexively headbutt those who attack you in melee.
You have a pair of horns on your head.


Message History

The orange demon is heavily wounded.
* * * LOW HITPOINT WARNING * * *
You feel very sick.
The red devil hits you from afar with a demon trident of electrocution.
* * * LOW HITPOINT WARNING * * *
You are electrocuted!
* * * LOW HITPOINT WARNING * * *
The orange demon misses you. The orange demon closely misses you.
The orange demon stings you but does no damage.
Unknown command.
You slice the orange demon!! You headbutt the orange demon.
The orange demon is almost dead.
You are no longer berserk.
You are exhausted.
You feel as though you will be slow longer.
* * * LOW HITPOINT WARNING * * *
You feel very sick.
The red devil hits you but does no damage.
You are electrocuted!
You die...

.......♣♣♣ ♣......♣ ♣.♣♣.♣♣♣
######''#######
♣♣♣♣♣+#########.............#
....^...#...8....8....#
..8.8...'.............#
...8.8..###############
..8.8...#........§
...8.8..#.........
..8.8..)'.@44_...§
...8.8..#.......§§
........#..4§§§≈≈≈
############≈§≈§≈§ ≈§≈≈≈§
######


You could see 2 orange demons and a red devil.

Vanquished Creatures
  Kirke (Lair:6)
  Gastronok (Lair:3)
  3 hydras
  A naga warrior (Snake:1)
  A hell beast (Lair:6)
  9 death yaks
  A queen ant (Lair:2)
  The ghost of timpakay the Spear-Bearer, a novice FoFi of Ru (D:8)
  Urug (Lair:2)
  3 unseen horrors (D:11)
  A mana viper (Snake:1)
  A salamander (Snake:1)
  An ugly thing (D:9)
  A manticore (D:11)
  2 naga magi (Snake:1)
  9 black mambas
  2 torpor snails
  4 orange demons (Lair:6)
  12 spiny frogs
  4 rime drakes
  2 ice devils (Lair:6)
  3 komodo dragons
  A hellwing (Lair:6)
  4 polar bears
  A slime creature (D:11)
  12 blink frogs
  4 hippogriffs
  Prince Ribbit (D:7)
  11 dream sheep
  A shadow (D:10)
  4 wyverns
  40 yaks
  3 hogs (Lair:6)
  A hungry ghost (D:10)
  3 basilisks
  8 nagas
  7 soldier ants (Lair:2)
  6 porcupines
  15 water moccasins
  2 ice beasts (D:9)
  3 orc warriors
  2 black bears
  The ghost of M4edhros the Chopper, an amateur MiBe of Trog (D:4)
  A necrophage (D:11)
  9 wolves
  7 centaurs
  3 ogres
  5 crocodiles
  10 bullfrogs
  A gnoll sergeant (D:8)
  5 scorpions
  22 killer bees
  5 wights
  5 howler monkeys
  5 electric eels
  2 crimson imps
  2 bullfrog zombies
  7 jellies
  2 quasits
  A bullfrog skeleton (D:8)
  A gnoll shaman (D:6)
  4 orc priests
  5 hounds
  Terence (D:3)
  8 orc wizards
  4 iguanas
  8 hell rats (Lair:1)
  17 worker ants
  2 hound zombies
  2 hound skeletons
  8 mummies (Ossuary)
  A howler monkey zombie (D:9)
  A worker ant zombie (D:9)
  Robin (D:4)
  11 gnolls
  A howler monkey skeleton (D:10)
  9 adders
  18 river rats (Lair:1)
  4 shadow imps
  6 oozes
  2 worms
  A leopard gecko (D:6)
  26 orcs
  A giant cockroach (D:5)
  5 goblins
  5 hobgoblins
  8 jackals
  3 quokkas
  3 bats
  A gnoll zombie (Ossuary)
  4 hobgoblin zombies (Ossuary)
  A kobold (D:2)
  A kobold zombie (Ossuary)
  2 orc zombies (Ossuary)
  A quokka zombie (D:9)
  14 rats
  3 fungi
479 creatures vanquished.

Vanquished Creatures (collateral kills)
  A wizard (Lair:6)
1 creature vanquished.

Vanquished Creatures (others)
  A human (Lair:6)
  5 fungi
  A plant (Lair:6)
7 creatures vanquished.

Grand Total: 487 creatures vanquished

Notes
Turn   | Place    | Note
-------+----------+-------------------------------------------
     0 | D:1      | M4edhros the Minotaur Berserker began the quest for the Orb.
     0 | D:1      | Reached XP level 1. HP: 19/19 MP: 0/0
   299 | D:2      | Reached XP level 2. HP: 27/27 MP: 1/1
   395 | D:2      | Reached skill level 4 in Axes
   399 | D:2      | Reached XP level 3. HP: 9/33 MP: 2/2
   728 | D:2      | Noticed a hand axe
   728 | D:2      | Noticed a dagger
   729 | D:2      | Found a hide-covered altar of Uskayaw.
   940 | D:3      | Noticed Terence
   950 | D:3      | Killed Terence
   950 | D:3      | Reached XP level 4. HP: 24/40 MP: 3/3
  1020 | D:4      | Found a glowing silver altar of Zin.
  1078 | D:4      | Noticed M4edhros's ghost (amateur MiBe)
  1096 | D:4      | Killed M4edhros's ghost
  1096 | D:4      | Reached skill level 5 in Axes
  1096 | D:4      | Reached XP level 5. HP: 7/47 MP: 4/4
  1461 | D:4      | Found Dehonaumn's Antique Weapon Shoppe.
  1543 | D:4      | Noticed Robin
  1553 | D:4      | Killed Robin
  1617 | D:4      | Noticed an ogre
  1622 | D:4      | Killed an ogre
  1622 | D:4      | Reached skill level 6 in Axes
  1622 | D:4      | Reached XP level 6. HP: 53/53 MP: 5/5
  2214 | D:5      | Entered Level 5 of the Dungeon
  2220 | D:5      | Reached skill level 5 in Fighting
  2275 | D:5      | Reached ** piety under Trog
  2412 | D:5      | Reached XP level 7. HP: 38/61 MP: 6/6
  2479 | D:5      | Reached skill level 7 in Axes
  2701 | D:5      | Found a sand-covered staircase.
  2720 | D:5      | Found an iron altar of Okawaru.
  2741 | Ossuary  | Entered an ossuary
  3187 | D:6      | Reached skill level 5 in Armour
  3273 | D:6      | Found a shimmering altar of Xom.
  3508 | D:6      | Found a staircase to the Ecumenical Temple.
  3571 | D:7      | Reached skill level 8 in Axes
  3637 | D:7      | Noticed Prince Ribbit
  3644 | D:7      | Killed Prince Ribbit
  3644 | D:7      | Reached skill level 5 in Dodging
  3644 | D:7      | Reached XP level 8. HP: 54/70 MP: 7/7
  3786 | D:7      | Found a basalt altar of Yredelemnul.
  3796 | D:7      | Found Venac's Book Emporium.
  3821 | D:7      | Got a jet-encrusted chain mail
  3832 | D:7      | Identified the +11 chain mail of Guofeih {SInv} (You found it on level 7 of the Dungeon)
  3913 | D:7      | Noticed a hippogriff
  3920 | D:7      | Reached *** piety under Trog
  3923 | D:7      | Killed a hippogriff
  3923 | D:7      | Reached skill level 9 in Axes
  4011 | D:7      | Noticed a hippogriff
  4020 | D:7      | Killed a hippogriff
  4301 | D:8      | Noticed timpakay's ghost (novice FoFi)
  4318 | D:8      | Killed timpakay's ghost
  4318 | D:8      | Reached skill level 10 in Axes
  4318 | D:8      | Reached XP level 9. HP: 79/79 MP: 8/8
  4356 | D:8      | Found an iron altar of Okawaru.
  4595 | D:8      | Reached skill level 11 in Axes
  4597 | D:8      | Reached **** piety under Trog
  4682 | D:8      | Found a hazy altar of Hepliaklqana.
  4831 | D:8      | Found Biqeutz's Antique Weapon Shoppe.
  4914 | D:8      | Noticed a death yak
  4924 | D:8      | Reached XP level 10. HP: 90/90 MP: 9/9
  4928 | D:8      | Killed a death yak
  4938 | D:8      | Reached skill level 12 in Axes
  5302 | D:9      | Got a translucent whip
  5303 | D:9      | Identified the +10 whip of Chaos {freeze, Str-3 Int+7 Dex+7} (You found it on level 9 of the Dungeon)
  5313 | D:9      | Received a gift from Trog
  5625 | D:9      | Noticed a cyan ugly thing
  5635 | D:9      | Killed a cyan ugly thing
  5734 | D:9      | Reached skill level 13 in Axes
  5765 | D:10     | Entered Level 10 of the Dungeon
  5797 | D:10     | Found Vaeciq's Assorted Antiques.
  5901 | D:10     | Reached ***** piety under Trog
  5901 | D:10     | Reached XP level 11. HP: 99/99 MP: 10/10
  5965 | D:10     | Bought a scroll labeled YBYKKO CIOCRORURUT for 23 gold pieces
  5965 | D:10     | Bought a green potion for 20 gold pieces
  5965 | D:10     | Bought a scroll labeled LUUCHU TESEFIN for 23 gold pieces
  5965 | D:10     | Bought a scroll labeled TOKEF RAGYOTON for 23 gold pieces
  5965 | D:10     | Bought an emerald potion for 20 gold pieces
  6428 | D:10     | Reached skill level 10 in Fighting
  6547 | D:11     | Noticed an unseen horror
  6562 | D:11     | Killed an unseen horror
  6581 | D:11     | Found a staircase to the Lair.
  6721 | D:11     | Reached skill level 10 in Armour
  6794 | D:11     | Received a gift from Trog
  6998 | D:11     | Noticed an unseen horror
  7003 | D:11     | Killed an unseen horror
  7009 | D:11     | Reached skill level 14 in Axes
  7152 | D:11     | Noticed an unseen horror
  7164 | D:11     | Killed an unseen horror
  7172 | Lair:1   | Entered Level 1 of the Lair of Beasts
  7382 | Lair:1   | Noticed a six-headed hydra
  7397 | Lair:1   | Killed a seven-headed hydra
  7456 | Lair:1   | Reached XP level 12. HP: 34/110 MP: 3/11
  8237 | Lair:2   | Reached skill level 15 in Axes
  8393 | Lair:2   | Noticed Urug
  8426 | Lair:2   | Killed Urug
  8426 | Lair:2   | Reached skill level 10 in Dodging
  8429 | Lair:2   | Noticed a queen ant
  8518 | Lair:2   | Received a gift from Trog
  8532 | Lair:2   | Killed a queen ant
  8618 | Lair:3   | Noticed Gastronok
  8631 | Lair:3   | Killed Gastronok
  8777 | Lair:3   | Reached skill level 16 in Axes
  8827 | Lair:3   | Found a staircase to the Snake Pit.
  8834 | Lair:3   | Noticed a seven-headed hydra
  8843 | Lair:3   | Killed a seven-headed hydra
  9317 | Snake:1  | Entered Level 1 of the Snake Pit
  9325 | Snake:1  | Found a flickering gateway to a bazaar.
  9356 | Snake:1  | Reached XP level 13. HP: 118/118 MP: 12/12
  9372 | Bazaar   | Entered a bazaar
  9372 | Bazaar   | Found Qaliv's Antique Armour Shoppe.
  9372 | Bazaar   | Found Heoczofa's Food Shoppe.
  9372 | Bazaar   | Found Posarir's Antique Weapon Emporium.
  9372 | Bazaar   | Found Mackaon's Gadget Shoppe.
  9402 | Bazaar   | Bought a heavily runed chain mail for 228 gold pieces
  9412 | Bazaar   | Identified the cursed +0 chain mail of the Duchess {rN+++ MR+ rCorr Int-5} (You bought it in a shop in a bazaar)
  9412 | Bazaar   | Lost intelligence.
  9474 | Snake:1  | Received a gift from Trog
 10346 | Lair:6   | Entered Level 6 of the Lair of Beasts
 10361 | Lair:6   | Reached skill level 17 in Axes
 10546 | Lair:6   | Received a gift from Trog
 10569 | Lair:6   | Noticed Kirke
 10583 | Lair:6   | Killed Kirke
 10583 | Lair:6   | Reached ****** piety under Trog
 10583 | Lair:6   | Reached XP level 14. HP: 129/129 MP: 13/13
 10688 | Lair:6   | Found a viscous altar of Jiyva.
 10689 | Lair:6   | Found a staircase to the Slime Pits.
 10840 | Lair:6   | Reached skill level 18 in Axes
 10878 | Lair:6   | Found a burning altar of Makhleb.
 10900 | Lair:6   | Mangled by a red devil

Skill      XL: |  1  2  3  4  5  6  7  8  9 10 11 12 13 14 |
---------------+-------------------------------------------+-----
Axes           | 4 5 6 8 10 11 13 14 16 17 18 | 18.2
Fighting       | 4 5 6 7 8 9 11 12 13 | 13.7
Armour         | 3 4 5 7 9 10 11 13 | 13.3
Dodging        | 3 4 5 6 7 8 9 10 12 | 12.3

Action                   |  1- 3 |  4- 6 |  7- 9 | 10-12 | 13-15 || total
-------------------------+-------+-------+-------+-------+-------++-------
Melee: Hand axe          |    33 |    60 |   228 |    66 |       ||   387
       Headbutt          |     6 |    11 |    44 |   163 |    72 ||   296
       Whip              |       |       |       |   385 |       ||   385
       Broad axe         |       |       |       |    44 |       ||    44
       Battleaxe         |       |       |       |   149 |   255 ||   404
Invok: Berserk           |     2 |     4 |     9 |     1 |     5 ||    21
       Trog's Hand       |       |       |     1 |       |     1 ||     2
       Burn Spellbooks   |       |       |     1 |       |     1 ||     2
       Brothers in Arms  |       |       |       |       |     1 ||     1
Evoke: Wand              |       |       |       |    10 |     1 ||    11
  Use: Potion            |       |       |     2 |       |       ||     2
       Scroll            |       |       |       |    15 |     2 ||    17
 Stab: Sleeping          |       |       |     2 |       |       ||     2
  Eat: Bread ration      |       |     1 |     1 |       |       ||     2
       Chunk             |       |     6 |    12 |    10 |       ||    28
       Meat ration       |       |       |       |     2 |     2 ||     4
Armor: Animal skin       |       |     3 |     3 |       |       ||     6
       Skin              |       |       |    41 |       |       ||    41
       Chain mail        |       |       |    86 |   377 |   188 ||   651
Dodge: Dodged            |    30 |    33 |   144 |   451 |   276 ||   934
